 Dungeon Crawl Stone Soup version 0.29-a0-200-gc7997b95f3 (webtiles) character file.

Game seed: 11674059148828639589

22 GabrielManson the Ducker (level 3, -1/26 HPs)
             Began as a Djinni Hedge Wizard on Feb 23, 2022.
             Slain by an adder (2 damage)
             ... on level 2 of the Dungeon.
             The game lasted 00:09:07 (1523 turns).

GabrielManson the Ducker (Djinni Hedge Wizard)      Turns: 1523, Time: 00:09:07

Health: -1/26      AC:  2    Str: 15    XL:     3   Next: 7%
Gold:   46         EV: 12    Int: 17    God:
                   SH:  0    Dex: 12

rFire   + + +      SeeInvis .   g - +0 dagger (speed)
rCold   x x .      Faith    .   (no shield)
rNeg    . . .      Spirit   .   b - +0 robe
rPois   ∞          Reflect  .   c - +0 hat
rElec   .          Harm     .   (no cloak)
rCorr   .          Rampage  .   (no gloves)
Will    .....                   (boots unavailable)
Stlth   ++........              (no amulet)
HPRegen 0.08/turn               d - ring of fire
MPRegen 0.00/turn               i - +6 ring of strength

@: flying
A: sickness immunity, fire resistance 2, cold vulnerability 1, float, innate
caster, HP casting, extra vitality 1
a: no special abilities


You were on level 2 of the Dungeon.
You visited 1 branch of the dungeon, and saw 2 of its levels.

You collected 46 gold pieces.

Inventory:

Hand Weapons
 g - a +0 dagger of speed (weapon)
Armour
 b - a +0 robe (worn)
 c - a +0 hat (worn)
Jewellery
 d - a ring of fire (left hand)
 i - a +6 ring of strength (right hand)
Scrolls
 a - a scroll of identify {unknown}
 e - a scroll of blinking {unknown}
 f - 2 scrolls of vulnerability {unknown}


   Skills:
 + Level 0.5 Fighting
 + Level 2.7 Dodging
 + Level 2.0 Stealth
 + Level 2.6 Spellcasting


You couldn't memorise any spells.
You knew the following spells:

 Your Spells              Type           Power      Damage    Failure   Level
a - Magic Dart            Conj           44%        1d5       6%          1
b - Blink                 Tloc           22%        N/A       9%          2
c - Call Imp              Summ           11%        N/A       9%          2
d - Slow                  Hex            44%        N/A       6%          1
e - Conjure Flame         Conj/Fire      17%        6-21      19%         3
f - Mephitic Cloud        Conj/Pois/Air  11%        N/A       19%         3
g - Shock                 Conj/Air       44%        1d5       6%          1
Your spell library was empty.

Dungeon Overview and Level Annotations

Branches:
Dungeon (2/15)

Altars:


Innate Abilities, Weirdness & Mutations

You are immune to sickness and miasma.
You are immune to poison.
Your flesh is very heat resistant. (rF++)
You are vulnerable to cold. (rC-)
You float through the air rather than walking.
You learn spells naturally, not from books.
Your magical power is your life essence.
You have superior vitality. (+4 MHP)


Message History

The adder seems to slow down.
The adder barely misses you.
Your magical contamination has completely faded away.
Casting: Slow (safe; 6% risk of failure)
Confirm with . or Enter, or press ? or * to list all spells.
A metallic apparition takes form in the air.
The adder is no longer moving slowly.
The adder closely misses you. The adder bites you.
You miss the adder. The adder bites you.
Your iron imp hits the adder.
You completely miss the adder.
The adder is heavily wounded.
The adder misses you.
Your iron imp hits the adder.
You barely miss the adder.
The adder is severely wounded.
The adder barely misses you.
You miss the adder.
The adder is severely wounded.
Your iron imp splashes around in the water.
The adder bites you.
You hit the adder but do no damage.
The adder is severely wounded.
You closely miss the adder.
The adder is severely wounded.
The adder bites you.
Your iron imp closely misses the adder.
You closely miss the adder.
The adder is severely wounded.
The adder bites you.
* * * LOW HITPOINT WARNING * * *
The adder barely misses you. The adder bites you.
* * * LOW HITPOINT WARNING * * *
The adder closely misses you. The adder closely misses you.
The adder barely misses you.
Your iron imp disappears in a puff of smoke!
The adder bites you.
* * * LOW HITPOINT WARNING * * *
The adder barely misses you.
It was a potion of cancellation.
You feel magically purged. The adder bites you.
You die...

........# ##### ####.##.#
.....<..##♣≈P≈♣ ♣♣≈##.##.#
......♣≈≈♣♣≈♣P♣♣♣P≈♣≈P♣#.#
...≈♣♣≈≈♣≈≈≈≈≈≈≈≈≈♣≈♣≈≈≈.##
###♣♣♣≈≈P≈≈≈≈≈≈≈≈†≈≈≈PP≈≈P# #
PP≈≈P♣≈≈≈≈≈≈≈≈≈≈≈P≈≈≈≈P♣♣#
#♣♣♣≈≈P≈≈≈≈≈≈≈≈≈≈≈≈≈≈≈P♣≈≈≈♣####
≈♣≈≈≈P≈≈≈≈≈≈≈≈≈≈≈≈≈≈≈≈≈≈≈≈P≈≈..#
≈P≈≈P≈≈≈≈≈≈≈≈≈≈≈@S≈≈≈P≈≈P≈P≈≈.###
♣≈≈≈≈P≈≈≈≈≈≈≈≈≈≈≈≈≈≈≈≈≈PP≈P≈≈....
.≈♣P≈≈≈♣P≈≈≈≈≈≈≈≈≈≈≈≈≈PP≈≈≈♣..###
..≈♣P≈P≈≈♣P≈≈≈≈≈≈≈≈≈≈≈≈P≈♣≈..##
#.♣♣♣P≈≈≈≈P≈≈≈≈≈≈≈≈≈♣≈P≈≈...##
#..≈≈≈≈♣≈PP≈≈≈≈≈P≈♣♣♣≈♣♣..###
##...♣≈≈♣P≈≈P♣≈♣≈♣≈♣≈♣...##
########P♣≈≈♣♣♣≈♣.....### ######
#...#####


You could see an adder.

Vanquished Creatures
  2 dart slugs (D:1)
  2 goblins
  A hobgoblin (D:1)
  A kobold (D:1)
  A quokka (D:2)
  A ball python (D:1)
  2 frilled lizards
  A rat (D:1)
11 creatures vanquished.

Vanquished Creatures (collateral kills)
  A dart slug (D:2)
  An endoplasm (D:2)
  A kobold (D:2)
  2 frilled lizards (D:2)
5 creatures vanquished.

Vanquished Creatures (others)
  A demonic plant (D:1)
  6 fungi (D:1)
  5 plants
12 creatures vanquished.

Grand Total: 28 creatures vanquished

Notes
Turn   | Place    | Note
-------+----------+-------------------------------------------
     0 | D:1      | GabrielManson the Djinni Hedge Wizard began the quest for
                  | the Orb.
     0 | D:1      | Reached XP level 1. HP: 15/15 MP: 0/0
   382 | D:1      | Found a faded altar of an unknown god.
   497 | D:1      | Reached XP level 2. HP: 9/21 MP: 0/0
   904 | D:1      | You are sucked into a shaft and drop 1 floor!
  1358 | D:2      | Reached XP level 3. HP: 20/26 MP: 0/0
  1358 | D:2      | Learned a level 1 spell: Shock
  1520 | D:2      | HP: 1/26 [adder (2)]
  1523 | D:2      | Slain by an adder

Illustrated notes

Levels and vault maps discovered:
D:1:      moated_graveyard_arrival, layout_basic, shapermc_ecumenical_altar_gd
D:2:      kb_forest_paths, layout_basic, serial_bayou, serial_bayou_pond_a,
          serial_bayou_pond_d, serial_bayou_lake_a, serial_bayou_shore_b

Skill      XL: |  1  2 |
---------------+-------+-----
Stealth        | 2 |  2.0
Fighting       | |  0.5
Dodging        | |  2.7
Spellcasting   | |  2.6

Action                   || total
-------------------------++-------
Melee: Dagger            ||    30
 Cast: Magic Dart        ||    13
       Slow              ||     2
       Call Imp          ||     3
       Conjure Flame     ||     1
  Use: Potion            ||     1
 Stab: Sleeping          ||     2
       Distracted        ||     1
Armor: Robe              ||     2
Dodge: Dodged            ||    25

Table legend: (Time is in decaauts)
 A = Elapsed time spent in this place.
 B = Non-inter-level travel time spent in this place.
 C = Inter-level travel time spent in this place.
 D = Time resting spent in this place.
 E = Time spent auto-exploring this place.
 F = Levels seen in this place.
 G = Mean time per level.
                   A        B        C        D        E       F      G
               +--------+--------+--------+--------+--------+-----+--------+
         Total |   1515 |   1515 |      0 |    357 |    809 |   2 |  757.5 |
       Dungeon |   1515 |   1515 |      0 |    357 |    809 |   2 |  757.5 |
               +--------+--------+--------+--------+--------+-----+--------+

Top non-repeatable levels by time:
     D:1: 903 daAuts
     D:2: 612 daAuts
